AoeStats
← Dantegutsh

Arabia

509461712Analyzed
3v3 RM · 6d ago on Sep 26, 2026· 41m 49s· 6 players
Game mode
Random Map
Map size
Normal (6 player)
Population
200
Speed
Normal
Resources
Standard
Victory
Conquest
Starting age
Dark Age
Ending age
Imperial Age
RankedLock teamsTeams togetherTeam positionsShared explorationLock speedFull tech treeHidden civsTurbo modeCheats
Victory
Defeat
🇲🇽 Romans · Mexico
1507
+13
🇲🇽 Persians · Mexico
1419
+17
🇲🇽 Britons · Mexico
1345
+20
🇨🇿 Mongols · Czechia
1456
-17
🇩🇪 Varangians · Germany
1434
-17
🇧🇷 Persians · Brazil
1430
-16
Davicho26
6:36 Loom
9:17 Feudal Age
9:54 Double-Bit Axe
16:12 Fletching
22:02 Castle Age
20:52 Horse Collar
21:03 Gold Mining
22:47 Wheelbarrow
22:18 Crossbowman
23:09 Bodkin Arrow
25:50 Padded Archer Armor
28:03 Ballistics
27:32 Pikeman
35:16 Imperial Age
33:05 Hand Cart
33:01 Bow Saw
32:52 Heavy Plow
35:20 Arbalester
36:01 Bracer
36:36 Treadmill Crane
37:57 Chemistry
37:42 Squires
39:07 Conscription
41:19 Gold Shaft Mining
Dantegutsh
6:40 Loom
9:04 Feudal Age
9:28 Double-Bit Axe
18:30 Bloodlines
22:59 Castle Age
22:12 Gold Mining
23:32 Husbandry
25:03 Scale Barding Armor
26:26 Forging
39:38 Wheelbarrow
40:49 Chain Barding Armor
Mike
6:54 Loom
9:32 Feudal Age
9:55 Man-at-Arms
14:12 Fletching
15:12 Scale Mail Armor
16:33 Forging
18:06 Padded Archer Armor
22:51 Double-Bit Axe
22:47 Horse Collar
26:56 Castle Age
27:03 Crossbowman
27:55 Bow Saw
27:41 Bodkin Arrow
27:55 Squires
28:15 Long Swordsman
31:18 Heavy Plow
33:38 Wheelbarrow
32:48 Town Watch
34:02 Chain Mail Armor
35:25 Iron Casting
42:24 Imperial Age
39:24 Pikeman
40:36 Hand Cart
fall
3:10 Loom
9:20 Feudal Age
18:36 Fletching
19:19 Double-Bit Axe
23:26 Horse Collar
27:49 Castle Age
26:30 Bloodlines
27:16 Padded Archer Armor
28:01 Elite Skirmisher
28:40 Bodkin Arrow
29:28 Leather Archer Armor
34:15 Wheelbarrow
37:14 Scale Barding Armor
38:49 Chain Barding Armor
38:34 Heavy Plow
Amigo
7:30 Loom
9:53 Feudal Age
10:34 Double-Bit Axe
11:31 Bloodlines
15:28 Horse Collar
22:53 Forging
24:09 Scale Barding Armor
24:34 Town Watch
27:51 Castle Age
26:57 Gold Mining
38:53 Pikeman
PNLN | maromba_aoe
9:29 Feudal Age
7:54 Loom
9:51 Double-Bit Axe
9:48 Horse Collar
15:58 Scale Barding Armor
16:27 Town Watch
17:53 Wheelbarrow
18:46 Bloodlines
23:36 Castle Age
21:55 Bloodlines
24:11 Castle Age
24:25 Forging
24:59 Chain Barding Armor
24:00 Light Cavalry
25:10 Bow Saw
26:05 Husbandry
26:58 Forging
32:23 Iron Casting
32:37 Fletching
35:02 Bodkin Arrow
38:07 Hand Cart
Connection lost

Rejoining the realm…

Still unreachable

The connection could not be restored.

Session expired

The server has moved on; the page needs a fresh start.